 Dungeon Crawl Stone Soup version 0.29-a0-517-gbdf32494f2 (webtiles) character file.

Game seed: 1884050714034382377

702 happo123 the Sneak (level 7, -1/35 HPs)
             Began as a Spriggan Enchanter on May 30, 2022.
             Killed by divine providence
             ... invoked by an orc priest
              (10 damage)
             ... on level 4 of the Dungeon.
             The game lasted 00:28:13 (4867 turns).

happo123 the Sneak (Spriggan Enchanter)             Turns: 4867, Time: 00:28:14

Health: -1/35      AC:  2    Str:  4    XL:     7   Next: 38%
Magic:  10/14      EV: 19    Int: 18    God:
Gold:   193        SH:  0    Dex: 16    Spells: 6/14 levels left

rFire   . . .      SeeInvis +   a - +1 dagger
rCold   . . .      Faith    .   (no shield)
rNeg    . . .      Spirit   .   b - +0 robe
rPois   .          Reflect  .   (helmet restricted)
rElec   .          Harm     .   (no cloak)
rCorr   .          Rampage  .   (gloves unavailable)
Will    +....                   (boots unavailable)
Stlth   +++.......              (no amulet)
HPRegen 0.11/turn               (no ring)
MPRegen 0.14/turn               (no ring)

@: very quick
A: very small, no large weapons, unfitting armour, see invisible, speed 3
a: no special abilities


You were on level 4 of the Dungeon.
You visited 1 branch of the dungeon, and saw 4 of its levels.
You also visited: Ossuary.

You collected 193 gold pieces.

Inventory:

Hand Weapons
 a - a +1 dagger (weapon)
Armour
 b - a +0 robe (worn)
Wands
 l - a wand of flame (24)
Scrolls
 d - 2 scrolls of teleportation {unknown}
 e - 2 scrolls of vulnerability {unknown}
 f - 5 scrolls of identify {unknown}
 g - 2 scrolls of amnesia {unknown}
 h - a scroll of fear {unknown}
 i - a scroll of brand weapon {unknown}
 m - a scroll of blinking {unknown}
 o - 4 scrolls of enchant armour {unknown}
 r - a scroll of fog {unknown}
 t - a scroll of immolation {unknown}
 u - a scroll of summoning {unknown}
 v - a scroll of enchant weapon {unknown}
Potions
 c - 3 potions of invisibility
 j - 4 potions of curing {unknown}
 k - a potion of heal wounds {unknown}
 n - a potion of lignification {unknown}
 p - 2 potions of brilliance {unknown}
 q - a potion of ambrosia {unknown}
 s - a potion of berserk rage {unknown}
 w - a potion of haste {unknown}


   Skills:
 + Level 2.0 Fighting
 + Level 3.3 Short Blades
 + Level 4.5 Dodging
 + Level 6.3 Stealth
 + Level 4.3 Spellcasting
 * Level 6.1 Hexes
 + Level 1.8 Ice Magic


You had 6 spell levels left.
You knew the following spells:

 Your Spells              Type           Power      Damage    Failure   Level
a - Ensorcelled Hibernat  Hex/Ice        36%        N/A       4%          2
b - Confusing Touch       Hex            26%        N/A       3%          3
c - Tukima's Dance        Hex            26%        N/A       3%          3

Your spell library contained the following spells:

 Spells                   Type           Power      Damage    Failure   Level
 Dazzling Flash           Conj/Hex       28%        N/A       12%         3
 Portal Projectile        Hex/Tloc       28%        N/A       12%         3
 Summon Guardian Golem    Hex/Summ       14%        N/A       12%         3
 Summon Small Mammal      Summ           12%        N/A       14%         1
 Leda's Liquefaction      Hex/Erth       7%         N/A       38%         4
 Call Canine Familiar     Summ           3%         N/A       41%         3
 Chain Lightning          Conj/Air       1%         3d2       100%        9
 Fire Storm               Conj/Fire      1%         8d1       100%        9
 Shatter                  Erth           1%         3d6*      100%        9


Dungeon Overview and Level Annotations

Branches:
Dungeon (4/15)            Ossuary (visited)
 Temple: D:4-7

Altars:
Hepliaklqana
Uskayaw
The Shining One

Shops:
D:4 :


Innate Abilities, Weirdness & Mutations

You are very small and have problems with some larger weapons.
You are too small for most types of armour.
You have supernaturally acute eyesight. (SInv)
You cover ground extremely quickly. (Speed+++)


Message History

An orc priest and 3 orcs come into view.
The helpless orc priest fails to defend itself.
You impale the orc priest!!
You kill the orc priest!
The orc shouts! x2; You hear a shout!
An orc comes into view. It is wielding a +0 club.
Your Fighting skill increases to level 2!
Casting: Ensorcelled Hibernation (safe; 4% risk of failure)
Confirm with . or Enter, or press ? or * to list all spells.
Your hands begin to glow red.
The phantom hits you.
The phantom blinks!
You blink.
The orc hits you with a +0 club.
You barely miss the phantom. The phantom hits you! The orc misses you.
You closely miss the phantom. The phantom barely misses you.
The orc barely misses you.
You hit the phantom but do no damage. The phantom hits you.
The phantom blinks!
You blink. 2 orcs come into view.
The orc shouts!
You hit the phantom but do no damage.
The phantom appears confused.
You hear a shout!
The phantom hits you.
The orc priest hits you from afar with a +0 trident.
Found a hazy altar of Hepliaklqana.
The orc priest looks satisfied for a moment.
An orc comes into view. It is wielding a +0 short sword.
The orc completely misses you.
Aiming: Ensorcelled Hibernation (safe; 4% risk of failure)
Press: ? - help, Q - select action, (/) - cycle Shift-Dir - straight line, f - orc
Aim: an orc, wielding a +0 short sword and quivering stones (chance to affect: 68%)
The orc looks drowsy...
The orc shouts!
The helpless orc fails to defend itself.
You perforate the orc like a sieve!!!
You kill the orc!
The orc priest invokes the aid of Beogh against you.
Pain shoots through your body!
* * * LOW HITPOINT WARNING * * *
The orc priest calls down the wrath of Beogh upon you.
Beogh smites you!
You die...

##≈#.......#
#≈.......#######.#
#≈≈##≈..####
#≈.######o.....#.###
≈≈#≈≈#..#
#≈.#...oo≈≈≈≈≈.#....
#≈≈≈≈#≈.#
#≈.#.≈≈≈≈o...≈o#.###
≈≈≈≈#≈≈.#
#≈.#.≈W.o###.≈.#..#
≈≈≈≈≈≈#.#
#≈.#.≈.##._#.≈.#.###
#≈#≈≈##.#
#≈.#.≈o#..o#.≈)#....
≈≈≈≈≈#..#
#.≈.#o≈...≈.#.≈§#..#
≈≈≈#≈#..#
##.≈@#.≈_.≈≈.#.≈.#...
####....#
#..≈o#.≈≈≈...#.≈.#..#
........#
#..≈.#....####.≈.#.##
####..###
#..≈.#####.....≈.###
.....##
#..≈......≈≈≈≈≈≈.#
######
#..≈≈≈≈≈≈≈.......# #
#.........######## #
#.####.#..# #.# #
##.# #...## ##.##


You could see a phantom (confused), an orc priest and 3 orcs.

Vanquished Creatures
  Sigmund (D:2)
  2 elf skeletons (D:4)
  A scorpion (D:4)
  A hound (D:4)
  An orc priest (D:4)
  A human zombie (D:4)
  Jessica (D:3)
  2 human skeletons (D:4)
  3 mummies (Ossuary)
  7 adders
  3 adder zombies (Ossuary)
  4 worms
  A dart slug (D:1)
  An orc (D:4)
  7 endoplasms
  A giant cockroach (D:2)
  5 goblins
  6 hobgoblins
  4 jackals (D:2)
  2 quokkas
  8 ball pythons
  5 bats
  A frilled lizard (D:1)
  2 goblin zombies (Ossuary)
  3 hobgoblin zombies (Ossuary)
  A kobold (D:3)
  3 kobold zombies (Ossuary)
  An orc skeleton (D:4)
  A quokka zombie (Ossuary)
  7 rats
  6 rat zombies (Ossuary)
92 creatures vanquished.

Vanquished Creatures (others)
  3 plants (D:1)
  2 withered plants (D:1)
5 creatures vanquished.

Grand Total: 97 creatures vanquished

Notes
Turn   | Place    | Note
-------+----------+-------------------------------------------
     0 | D:1      | happo123 the Spriggan Enchanter began the quest for the
                  | Orb.
     0 | D:1      | Reached XP level 1. HP: 9/9 MP: 5/5
   493 | D:1      | You fall into a shaft and drop 1 floor!
   633 | D:1      | Reached XP level 2. HP: 13/13 MP: 6/6
   645 | D:1      | Learned a level 2 spell: Ensorcelled Hibernation
  1121 | D:1      | Found a faded altar of an unknown god.
  1369 | D:2      | Found a hide-covered altar of Uskayaw.
  1476 | D:2      | Reached XP level 3. HP: 16/16 MP: 5/8
  1480 | D:2      | Learned a level 3 spell: Confusing Touch
  2054 | D:2      | Noticed Sigmund
  2069 | D:2      | Killed Sigmund
  2070 | D:2      | Reached skill level 1 in Fighting
  2070 | D:2      | Reached skill level 5 in Stealth
  2070 | D:2      | Reached skill level 1 in Ice Magic
  2070 | D:2      | Reached XP level 4. HP: 17/22 MP: 3/10
  2070 | D:2      | Reached XP level 5. HP: 20/25 MP: 3/11
  2078 | D:2      | Learned a level 3 spell: Tukima's Dance
  2345 | D:2      | Reached skill level 5 in Hexes
  2916 | D:3      | Noticed Jessica
  2918 | D:3      | Killed Jessica
  2919 | D:3      | Reached XP level 6. HP: 30/30 MP: 12/12
  3513 | D:4      | Found Dephemea's Book Shop.
  3691 | D:4      | Found a sand-covered staircase.
  3699 | Ossuary  | Entered an ossuary
  4437 | D:4      | Reached XP level 7. HP: 30/34 MP: 9/14
  4596 | D:4      | Found a glowing golden altar of the Shining One.
  4857 | D:4      | Found a hazy altar of Hepliaklqana.
  4867 | D:4      | Killed from afar by an orc priest

Illustrated notes

Levels and vault maps discovered:
D:1:      dpeg_arrival_stonehenge_12_columns, layout_basic, serial_forest,
          infiniplex_forest_clump_double, infiniplex_forest_straight_2,
          infiniplex_forest_clump_long, infiniplex_forest_clump_curved,
          infiniplex_forest_clump_diagonal, infiniplex_forest_split,
          infiniplex_forest_lined_1, ebering_ecumenical_altar_petrified
D:2:      layout_basic, basic_altar, minmay_unequal, uniq_sigmund
D:3:      layout_basic, hex_large, minmay_hedge_maze, uniq_jessica
D:4:      layout_loops_corners, nicolae_overflow_squiral,
          nicolae_ossuary_entry_catacombs, serial_shops, kennysheep_mini_moat,
          minivault_4

Skill      XL: |  1  2  3  4  5  6  7 |
---------------+----------------------+-----
Dodging        | 3 4 |  4.5
Spellcasting   | 3 4 |  4.3
Hexes          | 4 5 6 |  6.1
Fighting       | 1 2 |  2.0
Short Blades   | 2 3 |  3.3
Stealth        | 5 6 |  6.3
Ice Magic      | 1 |  1.8

Action                   |  1- 3 |  4- 6 |  7- 9 || total
-------------------------+-------+-------+-------++-------
Melee: Dagger            |   122 |   145 |    29 ||   296
       Punch             |     4 |     3 |     1 ||     8
 Cast: Ensorcelled Hiber |    24 |    18 |     5 ||    47
       Confusing Touch   |     1 |    20 |     3 ||    24
 Stab: Sleeping          |    16 |    31 |     8 ||    55
       Confused          |     1 |    13 |     3 ||    17
Armor: Robe              |    10 |     8 |     1 ||    19
Dodge: Dodged            |    87 |    59 |    13 ||   159

Table legend: (Time is in decaauts)
 A = Elapsed time spent in this place.
 B = Non-inter-level travel time spent in this place.
 C = Inter-level travel time spent in this place.
 D = Time resting spent in this place.
 E = Time spent auto-exploring this place.
 F = Levels seen in this place.
 G = Mean time per level.
                   A        B        C        D        E       F      G
               +--------+--------+--------+--------+--------+-----+--------+
         Total |   3747 |   3470 |    277 |    703 |   1881 |   5 |  749.4 |
       Dungeon |   3109 |   2832 |    277 |    293 |   1881 |   4 |  777.2 |
       Ossuary |    638 |    638 |      0 |    410 |      0 |   1 |  638.0 |
               +--------+--------+--------+--------+--------+-----+--------+

Top non-repeatable levels by time:
     D:2: 1050 daAuts
     D:1: 1009 daAuts
 Ossuary: 638 daAuts
     D:4: 551 daAuts
     D:3: 499 daAuts
